 Dungeon Crawl Stone Soup version 0.21.1-1-g345015f (webtiles) character file.

49 Goblin1989 the Covert (level 3, -3/18 HPs)
             Began as a Spriggan Assassin on Mar 28, 2018.
             Splashed by a jelly's acid (10 damage)
             ... on level 7 of the Dungeon.
             The game lasted 00:11:12 (1167 turns).

Goblin1989 the Covert (Spriggan Assassin)           Turns: 1167, Time: 00:11:13

Health: -3/18      AC:  3    Str:  7    XL:     3   Next: 53%
Magic:  4/4        EV: 17    Int: 12    God:
Gold:   48         SH:  0    Dex: 18    Spells: 2/2 levels left

rFire    . . .     SeeInvis +   a - +2 dagger
rCold    . . .     Gourm    .   (shield restricted)
rNeg     . . .     Faith    .   c - +0 robe
rPois    .         Spirit   .   (helmet restricted)
rElec    .         Reflect  .   d - +0 cloak
rCorr    .         Harm     .   (gloves unavailable)
MR       .....                  (boots unavailable)
Stlth    ++++......             (no amulet)
HPRegen  0.06/turn              (no ring)
MPRegen  0.09/turn              (no ring)

@: very quick
A: very small, unfitting armour, see invisible, herbivore, speed 3, slow
metabolism 2
a: no special abilities


You were on level 7 of the Dungeon.
You were not hungry.

You visited 1 branch of the dungeon, and saw 7 of its levels.

You collected 48 gold pieces.

Inventory:

Hand Weapons
 a - a +2 dagger (weapon)
 w - a +0 blowgun {@w1}
 x - a +0 hand axe
 z - a +0 hand axe
 D - a +0 dagger
 J - a +0 hand axe
 L - a +0 club
 M - a +0 flail
 N - a +0 short sword
 Q - a +0 rapier
 R - a +0 whip
 V - a +0 hunting sling of freezing
Missiles
 f - 2 curare-tipped needles
 g - 21 poisoned needles
 A - 43 stones (quivered) {@Q3}
 P - 8 arrows
Armour
 c - a +0 robe (worn)
 d - a +0 cloak (worn)
 C - a +0 scale mail
 E - a +0 chain mail
 G - a +0 scale mail
 O - a +0 leather armour
 Y - a +0 robe
Scrolls
 y - 2 scrolls of identify {unknown}
 H - a scroll of teleportation {unknown}
 I - 2 scrolls of enchant weapon {unknown}
 K - 2 scrolls of fear {unknown}
 T - a scroll of remove curse {unknown}
 W - 2 scrolls of fog {unknown}
 X - a scroll of immolation {unknown}
Potions
 B - a potion of agility {unknown}
 F - 2 potions of degeneration {unknown}
 S - 2 potions of curing {unknown}
 U - a potion of mutation {unknown}
Comestibles
 e - 7 rations


   Skills:
 - Level 1.5 Fighting
 - Level 2.1 Short Blades
 - Level 2.0 Throwing
 - Level 1.5 Dodging
 + Level 8.1 Stealth


You had 2 spell levels left.
You didn't know any spells.

Dungeon Overview and Level Annotations

Branches:
Dungeon (7/15)             Temple (0/1) D:5

Altars:

Shops:
D:4 ?

Annotations:
D:2 Robin
D:3 exclusion: Grinder, Grinder
D:5 exclusion: Prince Ribbit, Prince Ribbit


Innate Abilities, Weirdness & Mutations

You are very small and have problems with some larger weapons.
You are too small for most types of armour.
You have supernaturally acute eyesight. (SInv)
You are a herbivore.
You cover ground extremely quickly.
You need consume almost no food.


Message History

There is a stone staircase leading down here.
The leopard gecko bites you but does no damage.
You climb downwards.
There is a stone staircase leading up here.
You hit the leopard gecko.
The leopard gecko is almost dead.
The leopard gecko barely misses you.
You miss the leopard gecko.
The leopard gecko is almost dead.
The leopard gecko closely misses you.
You hit the leopard gecko.
You kill the leopard gecko!
Unknown command.
You start resting.
You regained 3 hp, and now have 12/14 hp.
There is a stone staircase leading up here.
You see here a robe.
Y - a robe You open the door.
There is an open door here.
You open the door. You open the door.
There is an open door here.
You open the door.
Found a stone staircase leading down.
There is an open door here.
A centaur skeleton comes into view.
You see here 9 stones {@Q3}.
A - 43 stones {@Q3} (gained 9)
There is a stone staircase leading down here.
You climb downwards.
A worker ant comes into view.
There is a stone staircase leading up here.
Wield which item (- for none, * to show all)? (? for menu, Esc to quit)
w - a +0 blowgun (weapon)
{@w1} Firing (i - inventory. (,) - cycle):
f - 2 curare-tipped needles (quivered)
Press: ? - help, Shift-Dir - straight line, f - worker ant
Aim: a worker ant (resting)
You shoot a curare-tipped needle.
The curare-tipped needle hits the worker ant.
The worker ant is poisoned.
The worker ant convulses.
The worker ant seems to slow down.
The worker ant twitches its antennae in your direction.
The worker ant is heavily wounded.
a - a +2 dagger (weapon)
You kill the worker ant!
Your Stealth skill increases to level 8!
You have reached level 3!
Your experience leads to an increase in your attributes!
Increase (S)trength, (I)ntelligence, or (D)exterity?
You feel agile.
You regained 4 hp, and now have 17/18 hp.
MP restored: 4 You see here a ration.
e - 7 rations (gained 1)
There is a stone staircase leading up here.
You see here a scroll labeled AMEAME UHYA.
W - 2 scrolls labeled AMEAME UHYA (gained 1) Health restored: 18 You see here a fuming black potion.
F - 2 fuming black potions (gained 1)
You see here a scroll labeled HAEKHIUTTE.
I - 2 scrolls labeled HAEKHIUTTE (gained 1)
You see here a curare-tipped needle.
f - 2 curare-tipped needles (gained 1) Marking area around the jelly as unsafe for travelling.
A jelly comes into view.
Really walk into a travel-excluded area?
A howler monkey comes into view.
A howler monkey comes into view.
A howler monkey comes into view.
The howler monkey howls! x2; You hear a bark! 2 jackals come into view.
The jackal barks!
The howler monkey hoots and howls with incredible vigour!
The howler monkey howls!
You hear a shout! x3; You hear a loud, deep croak!
You hear a shout! x2
You hear a bark!
The howler monkey moves out of view.
The howler monkey hoots and howls with incredible vigour!
Really walk into a travel-excluded area?
Unknown command.
The jelly quivers.
You hit the jelly.
Your hands burn!
The jelly is lightly wounded.
The jelly barely misses you.
You take 4 damage, and have 14/18 hp.
MASSIVE DAMAGE!!
You hit the jelly.
Your hands burn!
The jelly is lightly wounded.
The jelly jiggles.
The jelly hits you but does no damage.
You take 1 damage, and have 13/18 hp.
You hit the jelly.
Your hands burn!
* * * LOW HITPOINT WARNING * * *
The jelly is moderately wounded.
The jelly hits you.
* * * LOW HITPOINT WARNING * * *
You are splashed with acid!
The acid burns!
Ouch! That really hurt!
You die... █████████████ █h█ ██.....█.....██ █.█ ██.............██ █.█ █...............█ ██h█

█...............███..█
█...............██..██
█.........†.....██.██
█....<..........█..█
█.............J@█.██
██.............█..█
██.....█.....██.██
█████████...█..█
██....██ ██... █...
██... ███


You could see a jelly.

Vanquished Creatures
  A worker ant (D:7)
  An adder (D:3)
  A leopard gecko (D:6)
  5 orcs (D:3)
  2 bats (D:3)
  2 quokkas (D:3)
  A rat (D:3)
13 creatures vanquished.

Notes
Turn   | Place    | Note
-------+----------+-------------------------------------------
     0 | D:1      | Goblin1989 the Spriggan Assassin began the quest for the Orb.
     0 | D:1      | Reached XP level 1. HP: 10/10 MP: 2/2
   304 | D:2      | Noticed Robin
   486 | D:3      | Reached skill level 6 in Stealth
   543 | D:3      | Reached XP level 2. HP: 14/14 MP: 3/3
   591 | D:3      | Reached skill level 7 in Stealth
   726 | D:4      | Found Rema's Magic Scroll Shoppe.
   771 | D:3      | Noticed Grinder
   847 | D:5      | Entered Level 5 of the Dungeon
   913 | D:5      | Noticed Prince Ribbit
   963 | D:5      | Found a staircase to the Ecumenical Temple.
  1109 | D:7      | Reached skill level 8 in Stealth
  1109 | D:7      | Reached XP level 3. HP: 17/18 MP: 4/4
  1167 | D:7      | Splashed by a jelly's acid

Skill      XL: |  1  2 |
---------------+-------+-----
Stealth        | 6 8 |  8.1
Fighting       | |  1.5
Short Blades   | |  2.1
Throwing       | |  2.0
Dodging        | |  1.5

Action                   || total
-------------------------++-------
Melee: Dagger            ||    27
 Fire: Blowgun           ||     3
 Stab: Sleeping          ||     3
Armor: Robe              ||     8
Dodge: Dodged            ||    31

Vault maps used:
D:1:      nzn_arrival_crosshair, cheibriados_altar_1
D:2:      uniq_robin
D:3:      bloody_trog, grunt_ministairs_6, uniq_crazy_yiuf_cottage,
          uniq_grinder, uniq_sigmund, uniq_ijyb
D:4:      serial_shops, nicolae_shop_stone, shop,
          nicolae_shop_temple_entry_statues_fountains, first_ration,
          portal_sewer_entry_b, uniq_edmund
D:5:      nicolae_ru_the_path_less_chosen, temple_pool_b, serial_shops,
          kennysheep_mini_moat, minmay_misc_feat_chi, uniq_prince_ribbit1
D:7:      corexii_shantytown, lemuel_crystal_altar
